 Dungeon Crawl Stone Soup version 0.18.1-48-g4cf74bf (webtiles) character file.

721 Alarkh the Insei (level 7, -1/53 HPs)
             Began as a Vampire Skald on July 18, 2016.
             Killed by nerve-wracking pain
             ... invoked by Grinder
              (7 damage)
             ... on level 5 of the Dungeon.
             The game lasted 00:10:29 (4449 turns).

Alarkh the Insei (Vampire Skald)                    Turns: 4449, Time: 00:10:30

Health: -1/53      AC: 10    Str: 11    XL:     7   Next: 42%
Magic:  5/10       EV: 13    Int: 16    God:
Gold:   215        SH:  0    Dex: 14    Spells: 3 memorised, 4 levels left

rFire  + . .     SeeInvis +       - Unarmed
rCold  . . .     Gourm    .     f - +2 leather armour {rF+}
rNeg   . . .     Faith    .     (no shield)
rPois  .         Spirit   .     (no helmet)
rElec  .         Dismiss  .     (no cloak)
rCorr  .         Reflect  .     u - +0 pair of gloves
SustAt .         Harm     .     q - +2 pair of boots
MR     .....                    (no amulet)
Stlth  +++.......               (no ring)
                                (no ring)

@: infused (expiring), regenerating very quickly, not resistant to hostile
enchantments, fairly stealthy
A: fangs 3, rugged brown scales 1, see invisible, unbreathing
a: no special abilities


You were on level 5 of the Dungeon.
You were almost alive.

You visited 1 branch of the dungeon, and saw 5 of its levels.

You collected 215 gold pieces.

Inventory:

Armour
 f - a +2 leather armour of fire resistance (worn)
 n - a +0 leather armour
 q - a +2 pair of boots (worn)
 u - a +0 pair of gloves (worn)
Jewellery
 g - an uncursed ring of ice
Wands
 r - a wand of iceblast (6/15)
 w - a wand of acid (5/15)
 x - a wand of iceblast (5/15)
Scrolls
 a - a scroll of fog {unknown}
 d - a scroll of recharging {unknown}
 e - 3 scrolls of remove curse
 j - a scroll of fear
 l - a scroll of immolation
 o - 2 scrolls of teleportation {unknown}
 p - a scroll of blinking {unknown}
 t - a scroll of enchant armour {unknown}
Potions
 c - 5 potions of blood
 h - a potion of cancellation
 i - a potion of might
 k - a potion of degeneration {unknown}
 m - a potion of resistance {unknown}
 s - a potion of lignification {unknown}
 v - 2 potions of brilliance {unknown}
Books
 b - a book of Battle

   Spells                             Type                      Level
   a - Infusion                       Charms                       1
   b - Shroud of Golubria             Charms/Translocation         2
   c - Song of Slaying                Charms                       2
   d - Spectral Weapon                Hexes/Charms                 3
   e - Regeneration                   Charms/Necromancy            3


   Skills:
 + Level 3.6 Fighting
 - Level 0.7 Armour
 + Level 4.2 Dodging
 + Level 5.5 Stealth
 * Level 5.9 Unarmed Combat
 - Level 2.0 Spellcasting
 - Level 3.2 Charms


You had 4 spell levels left.
You knew the following spells:

 Your Spells              Type           Power        Failure   Level  Hunger
a - Infusion              Chrm           ##..         10%         1    #......
b - Shroud of Golubria    Chrm/Tloc      #.........   21%         2    ###....
c - Regeneration          Chrm/Necr      #.........   43%         3    ###....


Dungeon Overview and Level Annotations

Branches:
Dungeon (5/15)
 Temple: D:4-7

Altars:
Elyvilon
Kikubaaqudgha
Pakellas
The Shining One

Annotations:
D:5 Grinder


Innate Abilities, Weirdness & Mutations

Your natural rate of healing is extremely fast.
You have razor-sharp teeth.
You have supernaturally acute eyesight.
You can survive without breathing.
You are partially covered in rugged brown scales (AC +1, +3% HP).


Message History

* * * LOW HITPOINT WARNING * * *
You closely miss Grinder.
Grinder is moderately wounded.
Grinder closely misses you.
Unknown command.
Grinder gestures at you. Pain shoots through your body!
* * * LOW HITPOINT WARNING * * *
Grinder gestures at you. You resist with some effort. Grinder gestures at you.
You struggle to resist.
There is an open door here.
You close the door.
Your magical infusion is running out.
Drink which item? (? for menu, Esc to quit)
Yummy - fresh blood!
Grinder opens the door.
Grinder gestures at you. Pain shoots through your body!
You die...

.###....##>..### #.......######
.#########.....# #.......#.....
........+......# #.......#.....
...............# #.......#.....
####.#..#..##### #.......######
.......#.#....###########........
....#########.....#.....'........
.....#.._..#..#...#.....#........
....#.......#..#@########........
##.###########.#.##.......####'#.
.#.............#..#.......#....#.
.'...)#...#....#..5.......#....#.
.#....#...#....#..#.......+....#.
###...#...#...)#..#.......#..###.
#...#...#....#..#.......#.. ..
#####...#....#..#.......#.. [.
##..##...#....+..#....<..+.. ..


You could see Grinder.

Vanquished Creatures
  2 phantoms (D:4)
  An ogre (D:5)
  3 crimson imps (D:5)
  An orc wizard (D:4)
  A centaur skeleton (D:5)
  Jessica (D:2)
  2 iguanas
  2 worker ants (D:5)
  A killer bee zombie (D:5)
  3 gnolls (D:3)
  3 adders
  An ooze (D:4)
  3 worms (D:2)
  2 dart slugs (D:2)
  2 giant geckos
  18 orcs
  A ball python (D:1)
  4 bats
  3 giant cockroaches (D:3)
  7 hobgoblins
  2 jackals
  9 kobolds
  5 giant newts
  4 goblins
  6 rats
87 creatures vanquished.

Notes
Turn   | Place    | Note
--------------------------------------------------------------
     0 | D:1      | Alarkh the Vampire Skald began the quest for the Orb.
     0 | D:1      | Reached XP level 1. HP: 16/16 MP: 3/3
   787 | D:2      | Reached XP level 2. HP: 20/22 MP: 1/5
   959 | D:2      | Reached skill level 1 in Stealth
  1005 | D:2      | Noticed Jessica
  1012 | D:2      | Killed Jessica
  1012 | D:2      | Reached XP level 3. HP: 9/27 MP: 1/6
  1016 | D:2      | Learned a level 2 spell: Shroud of Golubria
  1020 | D:2      | Learned a level 3 spell: Regeneration
  1043 | D:2      | Found a glowing golden altar of the Shining One.
  1415 | D:3      | Reached XP level 4. HP: 20/33 MP: 3/7
  2241 | D:3      | Gained mutation: You are partially covered in rugged brown scales (AC +1, +3% HP). [potion of beneficial mutation]
  2486 | D:3      | Reached XP level 5. HP: 35/40 MP: 4/8
  2773 | D:4      | Found an ancient bone altar of Kikubaaqudgha.
  2848 | D:4      | Noticed a phantom
  3036 | D:4      | Noticed a phantom
  3073 | D:4      | Killed a phantom
  3073 | D:4      | Reached XP level 6. HP: 31/48 MP: 3/9
  3465 | D:4      | Reached skill level 5 in Unarmed Combat
  3521 | D:5      | Entered Level 5 of the Dungeon
  3571 | D:5      | Found a white marble altar of Elyvilon.
  3641 | D:5      | Reached skill level 5 in Stealth
  3641 | D:5      | Reached XP level 7. HP: 37/53 MP: 0/10
  3664 | D:5      | Found an oddly glowing altar of Pakellas.
  4220 | D:5      | Noticed Grinder
  4243 | D:5      | Paralysed by Grinder for 7 turns
  4270 | D:5      | Paralysed by Grinder for 7 turns
  4428 | D:5      | Paralysed by Grinder for 4 turns
  4449 | D:5      | Killed from afar by Grinder

Skill      XL: |  1  2  3  4  5  6  7 |
---------------+----------------------+-----
Fighting       | 2 3 |  3.6
Stealth        | 2 3 4 5 |  5.5
Unarmed Combat | 3 4 5 |  5.9
Dodging        | 2 3 4 |  4.2
Armour         | |  0.7
Spellcasting   | |  2.0
Charms         | |  3.2

Action                   |  1- 3 |  4- 6 |  7- 9 || total
-------------------------+-------+-------+-------++-------
Melee: Unarmed           |    85 |   274 |    94 ||   453
       Bite              |     7 |    32 |     7 ||    46
       Punch             |       |     1 |     4 ||     5
 Cast: Infusion          |    12 |    22 |     9 ||    43
       Shroud of Golubri |     1 |     1 |     1 ||     3
       Regeneration      |       |     4 |     1 ||     5
  Use: Potion            |     5 |     6 |    13 ||    24
       Scroll            |     2 |     4 |     1 ||     7
 Stab: Sleeping          |     1 |     3 |     5 ||     9
       Distracted        |       |     2 |       ||     2
Armor: Leather armour    |    14 |    73 |    20 ||   107
Dodge: Dodged            |    44 |   150 |    36 ||   230
